 Dungeon Crawl Stone Soup version 0.29-a0-9-g022ca4c890 (webtiles) character file.

Game seed: 2791507018115404951

4 squash the Conjurer (level 1, -2/11 HPs)
             Began as an Octopode Conjurer on Jan 28, 2022.
             Slain by a quokka (4 damage)
             ... on level 1 of the Dungeon.
             The game lasted 00:13:13 (357 turns).

squash the Conjurer (Octopode Conjurer)              Turns: 357, Time: 00:13:13

Health: -2/11      AC:  1    Str:  6    XL:     1   Next: 60%
Magic:  3/3        EV: 13    Int: 20    God:
Gold:   27         SH:  0    Dex: 10    Spells: 3/4 levels left

rFire   . . .      SeeInvis .   (no weapon)
rCold   . . .      Faith    .   (no shield)
rNeg    . . .      Spirit   .   (helmet restricted)
rPois   .          Reflect  .   (no amulet)
rElec   .          Harm     .   (no ring)
rCorr   .          Rampage  .   (no ring)
Will    .....                   (no ring)
Stlth   +++.......              (no ring)
HPRegen 0.03/turn               (no ring)
MPRegen 0.08/turn               (no ring)
                                (no ring)
                                (no ring)

@: no status effects
A: almost no armour, amphibious, 8 rings, camouflage 1, gelatinous body 1,
(nimble swimmer 1), tentacles
a: no special abilities


You were on level 1 of the Dungeon.
You visited 1 branch of the dungeon, and saw 1 of its levels.

You collected 27 gold pieces.

Inventory:

Missiles
 f - 2 atropa-tipped darts
 g - 20 arrows
Armour
 e - a +0 ring mail
Scrolls
 c - a scroll of enchant weapon {unknown}
Potions
 a - a potion of attraction {unknown}
 b - a potion of curing {unknown}
 d - a potion of haste {unknown}


   Skills:
 + Level 2.0 Dodging
 + Level 2.7 Stealth
 + Level 2.0 Spellcasting
 + Level 4.1 Conjurations


You had 3 spell levels left.
You knew the following spells:

 Your Spells              Type           Power      Damage    Failure   Level
a - Magic Dart            Conj           72%        1d6       2%          1

Your spell library contained the following spells:

 Spells                   Type           Power      Damage    Failure   Level
 Searing Ray              Conj           36%        2d5       4%          2
 Dazzling Flash           Conj/Hex       20%        N/A       21%         3
 Fulminant Prism          Conj/Hex       5%         3d7       54%         4
 Iskenderun's Mystic Bla  Conj/Tloc      10%        2d4       54%         4


Dungeon Overview and Level Annotations

Branches:
Dungeon (1/15)

Altars:


Innate Abilities, Weirdness & Mutations

You cannot wear most types of armour.
You are amphibious.
You can wear up to eight rings at the same time.
Your skin changes colour to match your surroundings (Stealth+).
Your rubbery body absorbs attacks. (AC +1, EV +1)
((You are camouflaged when in or above water. (Stealth+)))
You have tentacles for arms and can constrict up to eight enemies at once.


Message History

Aiming: Magic Dart (safe; 3% risk of failure)
Press: ? - help, Q - select action, (/) - cycle Shift-Dir - straight line, f/p - giant cockroach
Aim: a giant cockroach (severely wounded, 100% to hit)
The magic dart hits the giant cockroach.
You kill the giant cockroach!
You see here a giant cockroach corpse.
You see here a giant cockroach corpse.
There are no objects that can be picked up here. a giant cockroach corpse
There is a stone staircase leading down here.
Found 15 gold pieces.
You now have 15 gold pieces.
Found 20 arrows and 12 gold pieces.
You see here 20 arrows.
You see here 20 arrows.
g - 20 arrows You now have 27 gold pieces (gained 12).
A quokka comes into view.
The helpless quokka fails to defend itself.
You tentacle-slap the quokka but do no damage.
Your grab misses the quokka. The quokka completely misses you.
The quokka bites you. The quokka misses you. The quokka completely misses you.
The quokka twitches its whiskers.
The quokka bites you.
* * * LOW HITPOINT WARNING * * *
The quokka barely misses you. The quokka barely misses you.
The quokka barely misses you. The quokka closely misses you.
The quokka closely misses you. The quokka closely misses you.
The quokka misses you. The quokka misses you. The quokka barely misses you.
The quokka barely misses you. The quokka completely misses you.
The quokka bites you.
You die...

######...# #.# #.### #.#
#.# #.# #.# #.# ## #.# #.#
#. #.# ##.########.
##.###### #...........
##.......#######..#########
#.#.......@r......#
##.#.############## ##.##
###


You could see a quokka.

Vanquished Creatures
  A giant cockroach (D:1)
  A hobgoblin (D:1)
  A jackal (D:1)
3 creatures vanquished.

Notes
Turn   | Place    | Note
-------+----------+-------------------------------------------
     0 | D:1      | squash the Octopode Conjurer began the quest for the Orb.
     0 | D:1      | Reached XP level 1. HP: 11/11 MP: 3/3
   357 | D:1      | Slain by a quokka

Illustrated notes

Levels and vault maps discovered:
D:1:      dpeg_arrival_tiny_i, layout_loops_ring

Action                   || total
-------------------------++-------
Melee: Unarmed           ||    12
       Constrict         ||     2
 Cast: Magic Dart        ||     2
 Stab: Sleeping          ||     2
Armor: Skin              ||     1
Dodge: Dodged            ||    26

Table legend: (Time is in decaauts)
 A = Elapsed time spent in this place.
 B = Non-inter-level travel time spent in this place.
 C = Inter-level travel time spent in this place.
 D = Time resting spent in this place.
 E = Time spent auto-exploring this place.
 F = Levels seen in this place.
 G = Mean time per level.
                   A        B        C        D        E       F      G
               +--------+--------+--------+--------+--------+-----+--------+
         Total |    357 |    354 |      3 |      0 |      0 |   1 |  357.0 |
       Dungeon |    357 |    354 |      3 |      0 |      0 |   1 |  357.0 |
               +--------+--------+--------+--------+--------+-----+--------+

Top non-repeatable levels by time:
     D:1: 357 daAuts
